TOP OF THE 1ST |
Santa Barbara Golden Cranes batting - Pitching for Pawnee ParksNRec : LHP Carlos Sánchez
|
Pitching: LHP Carlos Sánchez
|
|
Batting: RHB Gerardo Vázquez
|
0-0: Ball 1-0: DOUBLE (Line Drive, 9LD)
|
Batting: RHB Ed St. James
|
0-0: Foul Ball, location: 2F 0-1: Called Strike 0-2: Foul Ball, location: 2F 0-2: Fly out, F9 (Flyball, 9LSF)
|
Batting: RHB Arsenio Laurel
|
0-0: Ball 1-0: Ball 2-0: Ground out 5-3 (Groundball, 5)
|
Batting: RHB James Pike
|
0-0: Ball 1-0: Foul Ball, location: 2F 1-1: Ball 2-1: Called Strike 2-2: Foul Ball, location: 2F 2-2: Fly out, F8 (Flyball, 89S)
|
Top of the 1st over - 0 runs, 1 hit, 0 errors, 1 left on base; Santa Barbara 0 - Pawnee 0 |
BOTTOM OF THE 1ST |
Pawnee ParksNRec batting - Pitching for Santa Barbara Golden Cranes : RHP Gustavo Pérez
|
Pitching: RHP Gustavo Pérez
|
|
Batting: RHB Alan Patterson
|
0-0: Called Strike 0-1: Ball 1-1: Ball 2-1: Ground out 6-3 (Groundball, 6)
|
Batting: RHB Mike Lipide
|
0-0: Ball 1-0: Ball 2-0: Ball 3-0: Called Strike 3-1: Ground out 5-3 (Groundball, 56)
|
Batting: LHB Elmer Hudgins
|
0-0: Called Strike 0-1: Ball 1-1: Ball 2-1: Foul Ball, location: 2F 2-2: Ground out U3 (Groundball, 34)
|
Bottom of the 1st over - 0 runs, 0 hits, 0 errors, 0 left on base; Santa Barbara 0 - Pawnee 0 |
TOP OF THE 2ND |
Santa Barbara Golden Cranes batting - Pitching for Pawnee ParksNRec : LHP Carlos Sánchez
|
Batting: LHB Xu Cheng
|
0-0: Foul Ball, location: 2F 0-1: Foul Ball, location: 2F 0-2: Fly out, F7 (Flyball, 7LS)
|
Batting: LHB Su-wu Xiao
|
0-0: Ball 1-0: Ball 2-0: Ball 3-0: Called Strike 3-1: Fly out, F9 (Flyball, 9LS)
|
Batting: RHB Logan Manning
|
0-0: Ball 1-0: Called Strike 1-1: Called Strike 1-2: Ground out 5-3 (Groundball, 56)
|
Top of the 2nd over - 0 runs, 0 hits, 0 errors, 0 left on base; Santa Barbara 0 - Pawnee 0 |
BOTTOM OF THE 2ND |
Pawnee ParksNRec batting - Pitching for Santa Barbara Golden Cranes : RHP Gustavo Pérez
|
Batting: RHB Iván Rodríguez
|
0-0: Swinging Strike 0-1: Called Strike 0-2: Ball 1-2: Foul Ball, location: 2F 1-2: Ball 2-2: Ground out 6-3 (Groundball, 6)
|
Batting: RHB Gustavo González
|
0-0: Swinging Strike 0-1: Ground out 3-1 (Groundball, 34)
|
Batting: RHB Chad Silander
|
0-0: Swinging Strike 0-1: Ball 1-1: Foul Ball, location: 2F 1-2: Ground out 6-3 (Groundball, 6M)
|
Bottom of the 2nd over - 0 runs, 0 hits, 0 errors, 0 left on base; Santa Barbara 0 - Pawnee 0 |
TOP OF THE 3RD |
Santa Barbara Golden Cranes batting - Pitching for Pawnee ParksNRec : LHP Carlos Sánchez
|
Batting: RHB Christian Turner
|
0-0: Ball 1-0: SINGLE (Line Drive, 78S)
|
Pitching: LHP Domingo Montémayor
|
|
Batting: RHB Hank Scorpio
|
0-0: Ball 1-0: Ball 2-0: Ball 3-0: Called Strike 3-1: Base on Balls Christian Turner to second
|
Batting: RHB Gerardo Vázquez
|
0-0: Ball 1-0: Called Strike 1-1: Ball 2-1: Swinging Strike 2-2: Ball 3-2: SINGLE (Line Drive, 8LS) Christian Turner to third Hank Scorpio to second
|
Batting: RHB Ed St. James
|
0-0: Ball 1-0: Foul Ball, location: 2F 1-1: Ball 2-1: Ball 3-1: SINGLE (Groundball, 5) (infield hit) Christian Turner scores Hank Scorpio to third Gerardo Vázquez to second
|
Batting: RHB Arsenio Laurel
|
0-0: Called Strike 0-1: Ball 1-1: Swinging Strike 1-2: Fly out, F7 (Flyball, 7S)
|
Batting: RHB James Pike
|
0-0: Ball 1-0: Foul Ball, location: 2F 1-1: DOUBLE (Line Drive, 8LXD) Hank Scorpio scores Gerardo Vázquez scores Ed St. James to third
|
Batting: LHB Xu Cheng
|
0-0: Foul Ball, location: 2F 0-1: Ball 1-1: Fly out, F9 (Flyball, 9LS) Runner from 3rd tags up, SCORES, throw made
|
Batting: LHB Su-wu Xiao
|
0-0: Foul Ball, location: 2F 0-1: Ball 1-1: Ball 2-1: Ball 3-1: Base on Balls
|
Batting: RHB Logan Manning
|
0-0: Called Strike 0-1: Foul Ball, location: 2F 0-2: SINGLE (Groundball, 4MD) James Pike to third Su-wu Xiao to second Runner from 3rd tries for Home, SAFE, throw made home
|
Pitching: LHP Jesús Salazar
|
|
Batting: RHB Christian Turner
|
0-0: Ball 1-0: DOUBLE (Line Drive, 8RXD) Su-wu Xiao scores Logan Manning to third Runner from 3rd tries for Home, SAFE, no throw
|
Batting: RHB Hank Scorpio
|
0-0: Ball 1-0: Foul Ball, location: 2F 1-1: Fly out, F9 (Flyball, 9LS)
|
Top of the 3rd over - 7 runs, 6 hits, 0 errors, 1 left on base; Santa Barbara 7 - Pawnee 0 |
BOTTOM OF THE 3RD |
Pawnee ParksNRec batting - Pitching for Santa Barbara Golden Cranes : RHP Gustavo Pérez
|
Batting: SHB Dave Gant
|
0-0: Foul Ball, location: 2F 0-1: Fly out, F7 (Flyball, 7S)
|
Batting: RHB Roberto Aguirre
|
0-0: Called Strike 0-1: Called Strike 0-2: Ball 1-2: Fly out, F7 (Flyball, 7)
|
Batting: RHB Chip Mullaney
|
0-0: Ball 1-0: SINGLE (Flyball, 8RS)
|
Batting: RHB Alan Patterson
|
0-0: Called Strike 0-1: Ball 1-1: Ball 2-1: Fly out, F8 (Line Drive, 78D)
|
Bottom of the 3rd over - 0 runs, 1 hit, 0 errors, 1 left on base; Santa Barbara 7 - Pawnee 0 |
TOP OF THE 4TH |
Santa Barbara Golden Cranes batting - Pitching for Pawnee ParksNRec : LHP Jesús Salazar
|
Batting: RHB Gerardo Vázquez
|
0-0: Foul Ball, location: 2F 0-1: Ball 1-1: Ground out 5-3 (Groundball, 56)
|
Batting: RHB Ed St. James
|
0-0: Fly out, F8 (Line Drive, 8RXD)
|
Batting: RHB Arsenio Laurel
|
0-0: Ball 1-0: Ball 2-0: DOUBLE (Line Drive, 7LM)
|
Batting: RHB James Pike
|
0-0: Swinging Strike 0-1: Ball 1-1: Ground out 5-3 (Groundball, 56)
|
Top of the 4th over - 0 runs, 1 hit, 0 errors, 1 left on base; Santa Barbara 7 - Pawnee 0 |
BOTTOM OF THE 4TH |
Pawnee ParksNRec batting - Pitching for Santa Barbara Golden Cranes : RHP Gustavo Pérez
|
Batting: RHB Mike Lipide
|
0-0: Called Strike 0-1: Called Strike 0-2: Ball 1-2: Foul Ball, location: 2F 1-2: Foul Ball, location: 2F 1-2: Ball 2-2: SINGLE (Line Drive, 9LS)
|
Batting: LHB Elmer Hudgins
|
0-0: Ball 1-0: Called Strike 1-1: Foul Ball, location: 2F 1-2: Ball 2-2: Fly out, F5 (Popup, 5F)
|
Batting: RHB Iván Rodríguez
|
0-0: Called Strike 0-1: Ball 1-1: Swinging Strike 1-2: SINGLE (Groundball, 56D) Mike Lipide to second
|
Batting: RHB Gustavo González
|
0-0: Called Strike 0-1: Called Strike 0-2: Ball 1-2: Ball 2-2: Fly out, F9 (Flyball, 9LM)
|
Batting: RHB Chad Silander
|
0-0: Foul Ball, location: 2F 0-1: Ball 1-1: Ball 2-1: Foul Ball, location: 2F 2-2: Fly out, F9 (Flyball, 89S)
|
Bottom of the 4th over - 0 runs, 2 hits, 0 errors, 2 left on base; Santa Barbara 7 - Pawnee 0 |
TOP OF THE 5TH |
Santa Barbara Golden Cranes batting - Pitching for Pawnee ParksNRec : LHP Jesús Salazar
|
Batting: LHB Xu Cheng
|
0-0: Ball 1-0: Ground out 4-3 (Groundball, 4M)
|
Batting: LHB Su-wu Xiao
|
0-0: Fly out, F4 (Line Drive, 4M)
|
Batting: RHB Logan Manning
|
0-0: Foul Ball, location: 2F 0-1: Foul Ball, location: 2F 0-2: Ball 1-2: Fly out, F9 (Flyball, 9LM)
|
Top of the 5th over - 0 runs, 0 hits, 0 errors, 0 left on base; Santa Barbara 7 - Pawnee 0 |
BOTTOM OF THE 5TH |
Pawnee ParksNRec batting - Pitching for Santa Barbara Golden Cranes : RHP Gustavo Pérez
|
Batting: SHB Dave Gant
|
0-0: Ball 1-0: Ball 2-0: Ball 3-0: Base on Balls
|
Batting: RHB Roberto Aguirre
|
0-0: Called Strike 0-1: Ball 1-1: Ball 2-1: Ball 3-1: Foul Ball, location: 2F 3-2: SINGLE (Groundball, 4D) Dave Gant to second Runner from 2nd tries for 3rd, SAFE, no throw
|
Batting: RHB Chip Mullaney
|
0-0: Ball 1-0: Ball 2-0: Fly out, F2 (Popup, 15S)
|
Batting: RHB Alan Patterson
|
0-0: Called Strike 0-1: Swinging Strike 0-2: Ball 1-2: Ball Roberto Aguirre steals 2nd base 2-2: Strikes out swinging
|
Batting: RHB Britt Lynch
|
0-0: Ball 1-0: Called Strike 1-1: Swinging Strike 1-2: Ball 2-2: Fly out, F7 (Flyball, 78M)
|
Bottom of the 5th over - 0 runs, 1 hit, 0 errors, 2 left on base; Santa Barbara 7 - Pawnee 0 |
TOP OF THE 6TH |
Santa Barbara Golden Cranes batting - Pitching for Pawnee ParksNRec : LHP Jesús Salazar
|
Now in RF: Britt Lynch
|
|
Batting: RHB Christian Turner
|
0-0: Ball 1-0: SINGLE (Groundball, 23) (infield hit)
|
Batting: RHB Hank Scorpio
|
0-0: Ball 1-0: Foul Ball, location: 2F 1-1: Called Strike 1-2: Foul Ball, location: 2F 1-2: Ball 2-2: Grounds into double play, 4-6-3 (Groundball, 4M)
|
Batting: RHB Gerardo Vázquez
|
0-0: Ball 1-0: Fly out, F7 (Flyball, 7)
|
Top of the 6th over - 0 runs, 1 hit, 0 errors, 0 left on base; Santa Barbara 7 - Pawnee 0 |
BOTTOM OF THE 6TH |
Pawnee ParksNRec batting - Pitching for Santa Barbara Golden Cranes : RHP Gustavo Pérez
|
Batting: LHB Elmer Hudgins
|
0-0: Ball 1-0: Ground out 4-3 (Groundball, 4)
|
Batting: RHB Iván Rodríguez
|
0-0: Foul Ball, location: 2F 0-1: Ball 1-1: Ball 2-1: Foul Ball, location: 2F 2-2: Foul Ball, location: 2F 2-2: Fly out, F9 (Flyball, 89XD)
|
Batting: RHB Gustavo González
|
0-0: Ball 1-0: Ball 2-0: Called Strike 2-1: Ball 3-1: Foul Ball, location: 2F 3-2: Foul Ball, location: 2F 3-2: Strikes out swinging
|
Bottom of the 6th over - 0 runs, 0 hits, 0 errors, 0 left on base; Santa Barbara 7 - Pawnee 0 |
TOP OF THE 7TH |
Santa Barbara Golden Cranes batting - Pitching for Pawnee ParksNRec : LHP Jesús Salazar
|
Batting: RHB Ed St. James
|
0-0: Foul Ball, location: 2F 0-1: SINGLE (Groundball, 6S) (infield hit)
|
Batting: RHB Arsenio Laurel
|
0-0: Called Strike 0-1: Fly out, F3 (Popup, 23F)
|
Batting: RHB James Pike
|
0-0: Called Strike 0-1: Fly out, F8 (Flyball, 89XD)
|
Batting: LHB Xu Cheng
|
0-0: Swinging Strike 0-1: Swinging Strike 0-2: Ball 1-2: Strikes out swinging
|
Top of the 7th over - 0 runs, 1 hit, 0 errors, 1 left on base; Santa Barbara 7 - Pawnee 0 |
BOTTOM OF THE 7TH |
Pawnee ParksNRec batting - Pitching for Santa Barbara Golden Cranes : RHP Gustavo Pérez
|
Batting: RHB Chad Silander
|
0-0: Fly out, F8 (Flyball, 8LS)
|
Batting: SHB Dave Gant
|
0-0: Foul Ball, location: 2F 0-1: Ball 1-1: Ball 2-1: Foul Ball, location: 2F 2-2: Foul Ball, location: 2F 2-2: SOLO HOME RUN (Flyball, 9D), Distance : 376 ft
|
Batting: RHB Roberto Aguirre
|
0-0: Foul Ball, location: 2F 0-1: Ball 1-1: SINGLE (Line Drive, 89S)
|
Batting: RHB Chip Mullaney
|
0-0: Ball 1-0: Foul Ball, location: 2F 1-1: Called Strike 1-2: Ball 2-2: Fly out, F7 (Flyball, 78D)
|
Batting: RHB Alan Patterson
|
0-0: Ball 1-0: Called Strike 1-1: SINGLE (Flyball, 7LM) Roberto Aguirre to second
|
Pitching: LHP Nick Riviera
|
|
Batting: RHB Britt Lynch
|
0-0: Ball Wild Pitch! Roberto Aguirre to third Alan Patterson to second 1-0: Ball 2-0: Ball 3-0: Called Strike 3-1: Foul Ball, location: 2F 3-2: Fly out, F7 (Flyball, 7LS)
|
Bottom of the 7th over - 1 run, 3 hits, 0 errors, 2 left on base; Santa Barbara 7 - Pawnee 1 |
TOP OF THE 8TH |
Santa Barbara Golden Cranes batting - Pitching for Pawnee ParksNRec : LHP Jesús Salazar
|
Batting: LHB Su-wu Xiao
|
0-0: Fly out, F8 (Flyball, 89D)
|
Batting: RHB Logan Manning
|
0-0: Ball 1-0: Ball 2-0: Swinging Strike 2-1: Ball 3-1: Swinging Strike 3-2: Base on Balls
|
Batting: RHB Christian Turner
|
0-0: Ball 1-0: Ball 2-0: Called Strike 2-1: Foul Ball, location: 2F 2-2: Ball 3-2: DOUBLE (Flyball, 89D) Logan Manning to third Logan Manning scores
|
Pitching: LHP Daniel Ryan
|
|
Batting: RHB Hank Scorpio
|
0-0: Foul Ball, location: 2F 0-1: Ball 1-1: Fly out, F7 (Line Drive, 7)
|
Batting: RHB Gerardo Vázquez
|
0-0: Ball 1-0: Foul Ball, location: 2F 1-1: Swinging Strike 1-2: Strikes out looking
|
Top of the 8th over - 1 run, 1 hit, 0 errors, 1 left on base; Santa Barbara 8 - Pawnee 1 |
BOTTOM OF THE 8TH |
Pawnee ParksNRec batting - Pitching for Santa Barbara Golden Cranes : LHP Nick Riviera
|
Now at C: Adrian Rodgers
|
|
Now in LF: Freedon Akinmoladun
|
|
Batting: LHB Elmer Hudgins
|
0-0: Called Strike 0-1: Called Strike 0-2: Foul Ball, location: 2F 0-2: Ball 1-2: Ball 2-2: Ball 3-2: SINGLE (Groundball, 34D)
|
Batting: RHB Iván Rodríguez
|
0-0: Called Strike 0-1: Foul Ball, location: 2F 0-2: Foul Ball, location: 2F 0-2: Ball 1-2: SINGLE (Line Drive, 56) Elmer Hudgins to second
|
Batting: RHB Gustavo González
|
0-0: Ball 1-0: Ball 2-0: Called Strike 2-1: SINGLE (Line Drive, 6M) Elmer Hudgins to third Iván Rodríguez to second
|
Batting: RHB Chad Silander
|
0-0: Called Strike 0-1: Ball 1-1: Ball 2-1: Fly out, F9 (Line Drive, 9D) Runner from 3rd tags up, SCORES, throw made Iván Rodríguez to third
|
Batting: SHB Dave Gant
|
0-0: Ball 1-0: Called Strike 1-1: Foul Ball, location: 2F 1-2: Ball 2-2: Foul Ball, location: 2F 2-2: Ball 3-2: Grounds into double play, 6-4-3 (Groundball, 6)
|
Bottom of the 8th over - 1 run, 3 hits, 0 errors, 1 left on base; Santa Barbara 8 - Pawnee 2 |
TOP OF THE 9TH |
Santa Barbara Golden Cranes batting - Pitching for Pawnee ParksNRec : LHP Daniel Ryan
|
Batting: RHB Ed St. James
|
0-0: Fly out, F9 (Flyball, 9LS)
|
Batting: RHB Arsenio Laurel
|
0-0: Ball 1-0: Ball 2-0: Ball 3-0: Called Strike 3-1: Foul Ball, location: 2F 3-2: Foul Ball, location: 2F 3-2: Strikes out swinging
|
Batting: RHB James Pike
|
0-0: Ball 1-0: Ball 2-0: Foul Ball, location: 2F 2-1: Swinging Strike 2-2: Ball 3-2: Base on Balls
|
Batting: RHB Freedon Akinmoladun
|
0-0: Called Strike 0-1: SINGLE (Groundball, 56D) James Pike to second
|
Batting: LHB Su-wu Xiao
|
0-0: Ball 1-0: Ball 2-0: Ground out U3 (Groundball, 34)
|
Top of the 9th over - 0 runs, 1 hit, 0 errors, 2 left on base; Santa Barbara 8 - Pawnee 2 |
BOTTOM OF THE 9TH |
Pawnee ParksNRec batting - Pitching for Santa Barbara Golden Cranes : LHP Nick Riviera
|
Batting: RHB Roberto Aguirre
|
0-0: Ball 1-0: Ground out 4-3 (Groundball, 34)
|
Batting: RHB Chip Mullaney
|
0-0: Called Strike 0-1: Fly out, F7 (Flyball, 7)
|
Batting: RHB Alan Patterson
|
0-0: Ball 1-0: Foul Ball, location: 2F 1-1: Ball 2-1: Ball 3-1: Base on Balls
|
Batting: RHB Britt Lynch
|
0-0: SINGLE (Groundball, 34D) Alan Patterson to second
|
Batting: LHB Elmer Hudgins
|
0-0: Fly out, F8 (Flyball, 8LM)
|
Bottom of the 9th over - 0 runs, 1 hit, 0 errors, 2 left on base; Santa Barbara 8 - Pawnee 2 |
|